 Dungeon Crawl Stone Soup version 0.30.1-4-g462c640d31 (webtiles) character file.

Game seed: 18145801011434796552

27085 boopmooplesden the Basher (level 13, -7/175 HPs)
             Began as an Armataur Fighter on Sept 18, 2023.
             Was a High Priest of Okawaru.
             Killed from afar by a guardian serpent (29 damage)
             ... with a bolt of poison
             ... on level 5 of the Lair of Beasts.
             The game lasted 00:22:15 (15198 turns).

boopmooplesden the Basher (Armataur Fighter)       Turns: 15198, Time: 00:22:16

Health: -7/175     AC: 22    Str: 26    XL:     13   Next: 2%
Magic:  14/14      EV: 11    Int:  8    God:    Okawaru [*****.]
Gold:   762        SH:  5    Dex: 22    Spells: 12/12 levels left

rFire   + . .        Z - +7 lajatang of Order {silver, rMut}
rCold   . . .        (shield currently unavailable)
rNeg    . . .        U - +2 scale mail "Nilih Ibru" {Dex+9}
rPois   .            k - +1 helmet
rElec   .            N - +1 cloak {rCorr}
rCorr   +            s - +1 pair of gloves
SInv    .            (no barding)
Will    .....        v - amulet of Perfectionism {Reflect -Tele rC+ Dex+2 SH+5} Stlth
                     l - +4 ring of protection
HPRegen 0.49/turn    g - ring of fire
MPRegen 0.14/turn

%: no teleportation, reflection, resist mutation, roll
@: berserking, lethally poisoned (-7 -> -69), very quick
A: large, rugged brown scales 3, deformed body, armoured tail, roll, long
tongue, awkward tongue
a: Renounce Religion, Heroism, Finesse, Duel


You were on level 5 of the Lair of Beasts.
You worshipped Okawaru.
Okawaru was extremely pleased with you.
You visited 2 branches of the dungeon, and saw 16 of its levels.

You collected 1200 gold pieces.
You spent 438 gold pieces at shops.

Inventory:

Hand Weapons
 a - a +0 flail
 b - a +3 dire flail
 d - a +2 morningstar of flaming
 Z - the +7 lajatang of Order (weapon) {silver, rMut}
   (Okawaru gifted it to you on level 2 of the Lair of Beasts)

   rMut:      It protects you from mutation.
Missiles
 e - 29 poisoned darts (quivered)
 r - 3 throwing nets
Armour
 k - a +1 helmet (worn)
 s - a +1 pair of gloves (worn)
 B - a +10 plate armour of ponderousness
 N - a +1 cloak of preservation (worn)
 U - the +2 scale mail "Nilih Ibru" (worn) {Dex+9}
   (You bought it in a shop on level 5 of the Dungeon)

   Dex:       It affects your dexterity (+9).
Jewellery
 g - a ring of fire (right hand)
 l - a +4 ring of protection (left hand)
 q - an amulet of guardian spirit
 u - a ring of protection from cold
 v - the amulet of Perfectionism (around neck) {Reflect -Tele rC+ Dex+2 SH+5}
   (You acquired it on level 7 of the Dungeon)

   [amulet of reflection]

   It reflects blocked missile attacks.
   Dex:       It affects your dexterity (+2).
   rC:        It protects you from cold.
   -Tele:     It prevents most forms of teleportation.
   SH:        It affects your SH (+5).
 y - a ring of fire
 J - a ring of ice
 L - a +6 ring of intelligence
 P - an amulet of magic regeneration
 Q - an amulet of the acrobat
 T - a +6 ring of strength
 W - a +6 ring of dexterity
 X - a ring of poison resistance
Wands
 h - a wand of polymorph (10)
 j - a wand of flame (4)
 w - a wand of digging (20)
 E - a wand of roots (11)
 K - a wand of paralysis (11)
 M - a wand of light (15)
 O - a wand of mindburst (4)
Scrolls
 c - a scroll of blinking
 n - 2 scrolls of fear
 C - 5 scrolls of teleportation
 I - a scroll of fog
 S - 2 scrolls of summoning
 V - 2 scrolls of magic mapping
Potions
 f - 4 potions of haste {unknown}
 i - 5 potions of curing
 m - 3 potions of invisibility
 o - 5 potions of might
 p - 7 potions of attraction
 t - 4 potions of brilliance
 x - a potion of flight {unknown}
 z - 2 potions of cancellation
 A - 3 potions of magic
 F - 3 potions of heal wounds
 G - a potion of mutation
 H - 4 potions of degeneration
 R - 2 potions of lignification
 Y - a potion of resistance {unknown}


   Skills:
 + Level 8.9 Fighting
 + Level 11.9(12.6) Maces & Flails
 + Level 6.6(10.1) Staves
 + Level 10.7 Armour
 + Level 5.3 Dodging
 + Level 4.6 Stealth
 + Level 8.9 Shields
 + Level 1.8 Invocations
 + Level 1.3 Evocations


You had 12 spell levels left.
You didn't know any spells.
Your spell library contained the following spells:

 Spells                   Type           Power      Damage    Failure   Level
 Sandblast                Erth           0%         2d4       63%         1
 Ensorcelled Hibernation  Hex/Ice        0%         N/A       77%         2
 Lesser Beckoning         Tloc           0%         N/A       77%         2
 Passwall                 Tmut/Erth      0%         N/A       77%         2
 Static Discharge         Conj/Air       0%         2-2/arc   77%         2
 Frozen Ramparts          Ice            0%         1d1       94%         3
 Gell's Gravitas          Tloc           0%         N/A       94%         3
 Stone Arrow              Conj/Erth      0%         3d7       94%         3
 Swiftness                Air            0%         N/A       94%         3
 Teleport Other           Tloc           0%         N/A       94%         3
 Airstrike                Air            0%         2d(0-16)  100%        4
 Ice Form                 Ice/Tmut       0%         N/A       100%        4
 Dispersal                Tloc           0%         N/A       100%        6
 Summon Ice Beast         Ice/Summ       Unusable   N/A       N/A         4
 Summon Lightning Spire   Summ/Air       Unusable   N/A       N/A         4

Dungeon Overview and Level Annotations

Branches:
Dungeon (11/15)            Temple (0/1) D:7            Lair (5/5) D:10
 Shoals (0/4) Lair:3       Spider (0/4) Lair:3          Orc (0/2) D:10
  Slime: Lair:4-5

Altars:
Fedhas
Gozag
Hepliaklqana
Kikubaaqudgha
Makhleb
Okawaru
Qazlal
Vehumet
Yredelemnul

Shops:
D:5 (:*[?   D:6 *

Annotations:
D:11 Josephine


Innate Abilities, Weirdness & Mutations

You are completely covered in rugged brown scales. (AC +3, +7% HP)
Armour fits poorly on your strangely shaped body.
You have a long armoured tail.
You roll when moving toward enemies. (Rampage)
Your long tongue fully drains potion bottles. (2x potion effects)
Your tongue gives you trouble enunciating. (1.5x scroll delay)


Message History

You have reached level 13!
You closely miss the redback.
Your tail-slap misses the redback.
You feel very sick.
You hit the redback. You tail-slap the redback!
The redback is severely wounded.
You feel very sick. The redback closely misses you.
You slash the redback!
You kill the redback!
Okawaru accepts your kill.
You feel very sick. The redback completely misses you.
You slice the cane toad!! You tail-slap the cane toad!
The cane toad is almost dead.
You feel very sick. You block the cane toad's attack. The redback bites you!
You are more poisoned.
The redback poisons you!
You slash the cane toad!
You kill the cane toad!
Okawaru accepts your kill.
You feel extremely sick. The redback barely misses you.
You closely miss the guardian serpent.
Your tail-slap misses the guardian serpent.
The guardian serpent is heavily wounded.
You feel very sick.
The guardian serpent coils itself and waves its upper body at you.
The bolt of poison hits you!!
You are lethally poisoned!
* * * LOW HITPOINT WARNING * * *
The redback bites you but does no damage.
You slash the guardian serpent!
The guardian serpent is almost dead.
* * * LOW HITPOINT WARNING * * *
You feel extremely sick.
The guardian serpent coils itself and waves its upper body at you.
The bolt of poison hits you!!
You are more poisoned.
You die...

.# ##..## ...####....#
.........P.# ..F......P.###
#....#.### ..... ##.....(.# .P..
#####..#....## P.. .P###.
##.####S## ....###..#### .....
##[.#..#@s## ............ .P...
##..##..##..##.....P...... ....
##...#....#..÷##...P....... ..P.
##...##....##.).##..P.......
...###..).#......#....###P.....†.
..†##....##......##....##.......(
....PP†..#.PP..PP.#...PP.........
........##.......P##.PP......P...
.............................####


You could see a guardian serpent and a redback.

Vanquished Creatures
  A hydra (Lair:2)
  2 boulder beetles
  2 two-headed ogres
  Urug (Lair:2)
  Pikel (D:7)
  A lindwurm (Lair:3)
  A wolf spider (Lair:5)
  6 elephants
  Maurice (D:8)
  3 black mambas
  6 cane toads
  A gargoyle (D:10)
  Psyche (D:8)
  An unseen horror (D:8)
  2 rime drakes
  A kobold demonologist (D:10)
  8 komodo dragons
  A hornet (Lair:5)
  9 blink frogs
  Prince Ribbit (D:6)
  Sigmund (D:2)
  6 wraiths
  20 yaks
  7 wyverns
  3 basilisks
  3 steam dragons
  2 redbacks (Lair:5)
  8 water moccasins
  A sky beast (D:7)
  2 ice beasts (D:8)
  3 black bears
  10 wolves
  4 centaurs
  A phantom (D:5)
  A kobold brigand (D:9)
  Blork the orc (D:5)
  6 bullfrogs
  4 gnoll sergeants
  3 necrophages (D:6)
  3 scorpions
  15 wights
  5 killer bees (D:8)
  4 electric eels
  A centaur zombie (D:6)
  A human zombie (D:6)
  A hound (D:6)
  An orc priest (D:6)
  3 gnoll boudas (D:6)
  2 iguanas (D:5)
  2 jellies
  Crazy Yiuf (D:5)
  Natasha (twice) (D:3)
  5 orc wizards
  2 hell rats (Lair:1)
  A killer bee zombie (D:6)
  3 mummies (D:6)
  2 howler monkey zombies (D:6)
  18 gnolls
  9 adders
  5 river rats (Lair:1)
  A shadow imp (D:6)
  3 white imps (D:8)
  A worm (D:3)
  4 dart slugs
  23 orcs
  5 ball pythons
  10 endoplasms
  A giant cockroach (D:1)
  6 goblins
  7 hobgoblins
  6 jackals
  6 quokkas
  4 bats
  4 frilled lizards
  14 kobolds
  7 rats
324 creatures vanquished.

Notes
Turn   | Place    | Note
-------+----------+-------------------------------------------
     0 | D:1      | boopmooplesden the Armataur Fighter began the quest for the
                  | Orb.
     0 | D:1      | Reached XP level 1. HP: 19/19 MP: 1/1
   137 | D:1      | Reached XP level 2. HP: 26/26 MP: 2/2
   484 | D:1      | Reached skill level 2 in Maces & Flails
   710 | D:1      | Reached XP level 3. HP: 24/32 MP: 3/3
   790 | D:2      | Noticed Sigmund
   952 | D:2      | Killed Sigmund
   953 | D:2      | Reached skill level 3 in Maces & Flails
   953 | D:2      | Reached skill level 1 in Dodging
   953 | D:2      | Reached XP level 4. HP: 24/40 MP: 4/4
   953 | D:2      | Reached XP level 5. HP: 29/48 MP: 5/5
  1056 | D:2      | Found a faded altar of an unknown god.
  1312 | D:2      | Found a blossoming altar of Fedhas.
  1755 | D:3      | Reached XP level 6. HP: 54/54 MP: 6/6
  1757 | D:3      | Noticed Natasha
  1764 | D:3      | Killed Natasha
  1779 | D:3      | Noticed Natasha
  1787 | D:3      | Killed Natasha
  2294 | D:3      | Found a stormy altar of Qazlal.
  2294 | D:3      | Found an opulent altar of Gozag.
  2294 | D:3      | Found a hazy altar of Hepliaklqana.
  2294 | D:3      | Found an iron altar of Okawaru.
  2311 | D:3      | Became a worshipper of Warmaster Okawaru
  2496 | D:3      | Identified a scroll of acquirement
  2496 | D:3      | Acquired a +1 morningstar of flaming
  2860 | D:4      | Reached skill level 4 in Maces & Flails
  2860 | D:4      | Reached skill level 5 in Armour
  3535 | D:5      | Entered Level 5 of the Dungeon
  3538 | D:5      | You fall into a shaft and drop 3 floors!
  3578 | D:8      | Noticed Psyche
  3604 | D:6      | Noticed Prince Ribbit
  3648 | D:6      | Found a transporter.
  3659 | D:6      | Reached XP level 7. HP: 22/60 MP: 1/7
  3909 | D:5      | Found Fehiza's Magic Scroll Boutique.
  4058 | D:5      | Reached * piety under Okawaru
  4060 | D:5      | Found Pesot's Book Shop.
  4072 | D:5      | Found Jinagoti's Assorted Antiques.
  4113 | D:5      | Found Qutes's Weapon Shop.
  4119 | D:5      | Noticed Blork the orc
  4127 | D:5      | Killed Blork the orc
  4178 | D:5      | Found Sytyichu's Armour Emporium.
  4403 | D:5      | Found a runed translucent door.
  4404 | D:5      | Noticed Crazy Yiuf
  4439 | D:5      | Reached skill level 5 in Maces & Flails
  4750 | D:5      | Killed Crazy Yiuf
  4836 | D:6      | Found Jiylaw's Assorted Antiques.
  4890 | D:6      | Killed Prince Ribbit
  4891 | D:6      | Reached XP level 8. HP: 17/70 MP: 1/8
  5256 | D:6      | Found a transporter.
  5548 | D:6      | Reached skill level 6 in Maces & Flails
  5557 | D:6      | Reached ** piety under Okawaru
  5588 | D:6      | Found a basalt altar of Yredelemnul.
  5594 | D:6      | Reached skill level 5 in Shields
  5716 | D:6      | Found a radiant altar of Vehumet.
  5842 | D:6      | Reached XP level 9. HP: 74/78 MP: 9/9
  5933 | D:7      | Identified the +0 leather armour of Ennui {Contam Harm
                  | rPois Str-4}
  5950 | D:7      | Reached skill level 7 in Maces & Flails
  5993 | D:7      | Noticed Pikel
  6007 | D:7      | Killed Pikel
  6008 | D:7      | Reached skill level 5 in Fighting
  6253 | D:7      | Reached skill level 1 in Evocations
  6255 | D:7      | Reached *** piety under Okawaru
  6328 | D:7      | Reached skill level 8 in Maces & Flails
  6620 | D:7      | Found a staircase to the Ecumenical Temple.
  6817 | D:7      | Acquired the amulet of Perfectionism {Reflect -Tele rC+
                  | Dex+2 SH+5}
  6910 | D:8      | Noticed Maurice
  6920 | D:8      | Killed Maurice
  7177 | D:8      | Reached XP level 10. HP: 82/88 MP: 10/10
  7217 | D:8      | Killed Psyche
  7232 | D:8      | Reached skill level 9 in Maces & Flails
  7296 | D:8      | Reached **** piety under Okawaru
  8568 | D:9      | Found an ancient bone altar of Kikubaaqudgha.
  8586 | D:9      | Noticed a two-headed ogre
  8597 | D:9      | Killed a two-headed ogre
  8598 | D:9      | Reached skill level 10 in Maces & Flails
  8740 | D:5      | Bought the +2 scale mail "Nilih Ibru" {Dex+9} for 438 gold
                  | pieces
  8978 | D:9      | Found a burning altar of Makhleb.
  9169 | D:10     | Entered Level 10 of the Dungeon
  9171 | D:10     | Noticed a smoke demon
  9252 | D:10     | Found a staircase to the Orcish Mines.
  9375 | D:10     | Noticed a gargoyle
  9386 | D:10     | Killed a gargoyle
  9387 | D:10     | Reached XP level 11. HP: 84/97 MP: 11/11
  9488 | D:10     | Noticed a two-headed ogre
  9494 | D:10     | Killed a two-headed ogre
  9494 | D:10     | Reached ***** piety under Okawaru
  9556 | D:10     | Found a staircase to the Lair.
  9725 | D:11     | Noticed Josephine
 10020 | Lair:1   | Entered Level 1 of the Lair of Beasts
 10165 | Lair:1   | Identified the +6 flail "Juzax" {flame, *Rage rC+++ MP+9
                  | Str-5}
 10456 | Lair:1   | Reached skill level 11 in Maces & Flails
 10741 | Lair:1   | Received a gift from Okawaru
 11310 | Lair:2   | Noticed a boulder beetle
 11332 | Lair:2   | Killed a boulder beetle
 11787 | Lair:2   | Noticed Urug
 11805 | Lair:2   | Killed Urug
 11949 | Lair:2   | Reached skill level 1 in Invocations
 11958 | Lair:2   | Reached XP level 12. HP: 105/108 MP: 13/13
 12052 | Lair:2   | Noticed a five-headed hydra
 12064 | Lair:2   | Killed a five-headed hydra
 12064 | Lair:2   | Received a gift from Okawaru
 12064 | Lair:2   | Found the +7 lajatang of Order {silver, rMut}
 12065 | Lair:2   | Reached skill level 10 in Armour
 12772 | Lair:3   | Found a staircase to the Shoals.
 12942 | Lair:3   | Reached skill level 1 in Staves
 13181 | Lair:3   | Found a hole to the Spider Nest.
 13796 | Lair:4   | Reached skill level 5 in Dodging
 14039 | Lair:4   | Noticed a boulder beetle
 14061 | Lair:4   | Killed a boulder beetle
 14434 | Lair:5   | Entered Level 5 of the Lair of Beasts
 14454 | Lair:5   | Received a gift from Okawaru
 14458 | Lair:5   | Reached skill level 5 in Staves
 14948 | Lair:5   | Received a gift from Okawaru
 15192 | Lair:5   | Reached XP level 13. HP: 89/117 MP: 14/14
 15198 | Lair:5   | Killed from afar by a guardian serpent

Illustrated notes

Levels and vault maps discovered:
D:1:      amcnicky_arrival_wind_blow, layout_basic,
          amcnicky_mini_rare_corridor_liquid
D:2:      layout_rooms, ebering_ecumenical_altar_petrified, basic_altar,
          uniq_sigmund
D:3:      layout_loops_corners, grunt_temple_overflow_cloverleaf, uniq_natasha
D:4:      cheibrodos_fertilizer, layout_basic
D:5:      layout_basic, serial_shops, nicolae_shop_tiny_statue_garden, shop,
          nicolae_shop_trees, shop_coins, nicolae_shop_getting_attention,
          uniq_blork_the_orc, uniq_crazy_yiuf_cottage
D:6:      gammafunk_steamed_eel, layout_cave_pools,
          lemuel_mausoleum_altar_yredelemnul, vehumet_crystals,
          serial_gnoll_camp, gnoll_camp_mini_sergeant, gnoll_camp_mini_hut,
          gnoll_camp_mini_loothouse, gnoll_camp_mini_hut, gnoll_camp_mini_shop,
          gnoll_camp_mini_hut, uniq_prince_ribbit1
D:7:      layout_basic, temple_doors_ab, serial_aquarium,
          aquarium_bridge_straight [aquarium_subvault_bridge,
          aquarium_subvault_window, aquarium_subvault_bridge,
          aquarium_subvault_wall], aquarium_bridge_long_joined
          [aquarium_subvault_balcony, aquarium_subvault_balcony,
          aquarium_subvault_window, aquarium_subvault_bridge,
          aquarium_subvault_wall, aquarium_subvault_window],
          aquarium_window_corner, aquarium_window_fake, aquarium_window_1,
          aquarium_window_fake, aquarium_view_2f, aquarium_balcony_5b,
          uniq_pikel
D:8:      layout_loops_ring, uniq_psyche, uniq_maurice
D:9:      layout_loops_corners, mainiacjoe_overflow_alcove_4,
          kiku_gazebo_garden_becter
D:10:     layout_long_grid, lair_entry_dummy, david_orc_2
D:11:     layout_cave_pools, fedhas_altar_2, uniq_nergalle, uniq_josephine
Lair:1:   layout_cave_pods, kennysheep_abandoned_house
Lair:2:   layout_layer_cave, chequers_serial_rivers_small_b, uniq_urug
Lair:3:   layout_hall_layers, elwin_shoals_entry_rocks,
          spider_nest_entry_web_field, infiniplex_staircase_pool
Lair:4:   layout_misc_corridors
Lair:5:   hangedman_lair_tendril_chambers, layout_regular_city, slime_entry_1,
          grunt_forest_large_clearing_hut, serial_bayou_shore_b

Skill      XL: |  1  2  3  4  5  6  7  8  9 10 11 12 |
---------------+-------------------------------------+-----
Armour         | 4 5 6 7 8 9 10 | 10.7
Maces & Flails | 2 3 4 5 6 8 10 11 | 11.9
Fighting       | 3 4 6 7 8 |  8.9
Dodging        | 1 2 3 4 5 |  5.3
Shields        | 4 5 6 8 |  8.9
Stealth        | 2 3 4 |  4.6
Evocations     | 1 |  1.3
Invocations    | 1 |  1.8
Staves         | 6 |  6.6

Action                     |  1- 3 |  4- 6 |  7- 9 | 10-12 | 13-15 || total
---------------------------+-------+-------+-------+-------+-------++-------
  Melee: Flail             |    87 |   112 |       |       |       ||   199
         Tailslap          |     6 |    10 |    37 |   107 |     2 ||   162
         Morningstar       |       |    54 |   283 |   380 |       ||   717
         Unarmed           |       |     3 |       |    12 |       ||    15
         Lajatang          |       |       |       |   191 |     7 ||   198
 Invoke: Heroism           |       |       |     2 |    11 |       ||    13
  Evoke: Wand              |       |       |     3 |     8 |       ||    11
    Use: Potion            |     1 |     2 |       |     5 |       ||     8
         Scroll            |       |    13 |     3 |    13 |       ||    29
   Stab: Sleeping          |       |       |       |     5 |       ||     5
 Armour: Scale mail        |    85 |   134 |   204 |   300 |     1 ||   724
         Skin              |       |       |    19 |    20 |       ||    39
  Dodge: Dodged            |    60 |   114 |   105 |   308 |     3 ||   590
  Block: Buckler           |    32 |    45 |    74 |   236 |       ||   387
         Other             |       |       |       |    66 |     1 ||    67
         Reflection        |       |       |       |     3 |       ||     3
